 Dungeon Sprint DCSS version 0.21-a0-297-ga3d34c2 (webtiles) character file.

254 Kidiri the Covert (level 5, -1/24 (25) HPs)
             Began as a Spriggan Enchanter on Sept 28, 2017.
             Slain by a necrophage (5 damage)
             ... in the Dungeon (Sprint II: "The Violet Keep of Menkaure").
             The game lasted 00:00:36 (54 turns).

Kidiri the Covert (Spriggan Enchanter)                Turns: 54, Time: 00:00:37

HP:   -1/24 (25)    AC:  2    Str:  4    XL:     5   Next: 90%
MP:   9/14          EV: 21    Int: 16    God:
Gold: 0             SH:  0    Dex: 18    Spells: 14/15 levels left

rFire    . . .     SeeInvis +   a - +1 dagger
rCold    . . .     Gourm    .   (shield restricted)
rNeg     . . .     Faith    .   b - +0 robe
rPois    .         Spirit   .   (helmet restricted)
rElec    .         Reflect  .   (no cloak)
rCorr    .         Harm     .   (gloves unavailable)
MR       .....     NoTele   +   (boots unavailable)
Stlth    +++++.....             (no amulet)
HPRegen  0.00/turn              (no ring)
MPRegen  0.14/turn              (no ring)

@: berserk cooldown, non-regenerating, mildly diseased, slowed, quick
A: unfitting armour, see invisible, herbivore 3, speed 3, slow metabolism 2
a: no special abilities


You were in the Dungeon.
You were not hungry.

You visited 1 branch

Inventory:

Hand Weapons
 a - a +1 dagger (weapon)
Armour
 b - a +0 robe (worn)
Scrolls
 j - a scroll of blinking
Potions
 e - a potion of curing
 g - a potion of haste
 h - 2 potions of magic
Books
 c - a book of Maledictions

   Spells                             Type                      Level
   a - Corona                         Hexes                        1
   b - Ensorcelled Hibernation        Hexes/Ice                    2
   c - Confuse                        Hexes                        3
   d - Tukima's Dance                 Hexes                        3
   e - Dazzling Spray                 Conjuration/Hexes            3
Comestibles
 d - a bread ration


   Skills:
 + Level 0.8 Fighting
 + Level 4.2 Short Blades
 + Level 5.5 Dodging
 + Level 11.1 Stealth
 + Level 5.9 Spellcasting
 + Level 9.7 Hexes


You had 14 spell levels left.
You knew the following spells:

 Your Spells              Type           Power        Failure   Level  Hunger
a - Corona                Hex            #####..      1%          1    None


Dungeon Overview and Level Annotations

Branches:
Dungeon (1/1)

Altars:


Innate Abilities, Weirdness & Mutations

You are very small and have problems with some larger weapons.
You are too small for most types of armour.
You have supernaturally acute eyesight. (SInv)
You are a herbivore.
You cover ground extremely quickly.
You need consume almost no food.


Message History

You hit the necrophage but do no damage.
The necrophage is moderately damaged.
The necrophage misses you.
You hit the necrophage but do no damage.
The necrophage is moderately damaged.
The necrophage misses you.
You hit the necrophage but do no damage.
The necrophage is moderately damaged.
The necrophage misses you.
You hit the necrophage.
The necrophage is moderately damaged.
The necrophage stops glowing.
The necrophage barely misses you.
You hit the necrophage.
The necrophage is heavily damaged.
The necrophage misses you. The necrophage hits you.
* * * LOW HITPOINT WARNING * * *
You hit the necrophage but do no damage.
The necrophage is moderately damaged.
The necrophage hits you.
You die...

## ## H#
#H .#. ##
#+# #.##
##.##...#
+.<.@n#
##.##...#
#+# #.##
##


You could see a necrophage.

Vanquished Creatures
  3 necrophages (D)
3 creatures vanquished.

Vanquished Creatures (others)
  A crocodile (D)
1 creature vanquished.

Grand Total: 4 creatures vanquished

Notes
Turn   | Place    | Note
-------+----------+-------------------------------------------
     0 | D        | Kidiri the Spriggan Enchanter began the quest for the Orb.
     0 | D        | Reached XP level 1. HP: 9/9 MP: 5/5
     1 | D        | Noticed a hippogriff
     1 | D        | Noticed a hippogriff
     4 | D        | Noticed a necrophage
     4 | D        | Noticed a necrophage
     4 | D        | Noticed a necrophage
     4 | D        | Noticed a necrophage
    11 | D        | Killed a necrophage
    11 | D        | Reached skill level 8 in Stealth
    11 | D        | Reached XP level 2. HP: 13/13 MP: 4/8
    11 | D        | Reached XP level 3. HP: 16/16 MP: 5/10
    11 | D        | Reached XP level 4. HP: 21/21 MP: 5/11
    18 | D        | Killed a necrophage
    18 | D        | Reached skill level 5 in Dodging
    18 | D        | Reached skill level 10 in Stealth
    18 | D        | Reached skill level 5 in Spellcasting
    18 | D        | Reached XP level 5. HP: 23/23 MP: 5/13
    27 | D        | Killed a necrophage
    27 | D        | Reached skill level 11 in Stealth
    51 | D        | Killed a crocodile
    54 | D        | Slain by a necrophage

Vault maps used:
D:        the_violet_keep_of_menkaure

Skill      XL: |  1  2  3  4  5 |
---------------+----------------+-----
Short Blades   | 2 3 4 |  4.2
Dodging        | 4 5 |  5.5
Stealth        | 8 10 11 | 11.1
Spellcasting   | 4 5 |  5.9
Hexes          | 7 8 9 |  9.7
Fighting       | |  0.8

Action                   |  1- 3 |  4- 6 || total
-------------------------+-------+-------++-------
Melee: Dagger            |     5 |    38 ||    43
 Cast: Corona            |     1 |     2 ||     3
  Use: Potion            |     1 |     1 ||     2
Dodge: Dodged            |     4 |    31 ||    35

Table legend:
 A = Spawn XP
 B = Non-spawn XP
 C = Spawn XP percentage of total XP
 D = Spawn monster count
 E = Non-spawn monster count
 F = Spawn count percentage of total count
 G = Total turns spent on level
                    A         B        C        D         E        F      G
               +---------+---------+-------+---------+---------+-------+---------
         Total |       0 |     363 |   0.0 |       0 |       3 |   0.0 |    54
               +---------+---------+-------+---------+---------+-------+---------
             D |       0 |     363 |   0.0 |       0 |       3 |   0.0 |    54
               +---------+---------+-------+---------+---------+-------+---------
